 Dungeon Crawl Stone Soup version 0.32-a0-411-g744942f433 (webtiles) character file.

Game seed: 15905636703110107247

74 CougarLife the Digger (level 4, -3/24 HPs)
             Began as a Gargoyle Earth Elementalist on Feb 21, 2024.
             Slain by a goblin
             ... wielding a +0 club
             ... led by Robin
              (5 damage)
             ... on level 2 of the Dungeon.
             The game lasted 00:00:56 (1326 turns).

CougarLife the Digger (Gargoyle Earth Elementalist) Turns: 1326, Time: 00:00:57

Health: -3/24      AC:  8    Str: 12    XL:     4   Next: 28%
Magic:  2/8        EV: 11    Int: 17    God:
Gold:   89         SH:  0    Dex: 10    Spells: 7/8 levels left

rFire   + . .        h - +0 dagger
rCold   . . .        (no shield)
rNeg    + . .        f - +2 leather armour {rF+}
rPois   ∞            (no helmet)
rElec   +            (no cloak)
rCorr   .            (no gloves)
SInv    .            (no boots)
Will    .....        (no amulet)
Stlth   ++           (no ring)
HPRegen 0.24/turn    (no ring)
MPRegen 0.11/turn

%: no passive effects
@: no status effects
A: sickness immunity, AC +3, negative energy resistance 1, electricity
resistance, torment resistance 1, petrification resistance
a: no special abilities


You were on level 2 of the Dungeon.
You visited 1 branch of the dungeon, and saw 2 of its levels.

You collected 89 gold pieces.

Inventory:

Hand Weapons
 h - a +0 dagger (weapon)
Armour
 f - a +2 leather armour of fire resistance (worn)
Scrolls
 c - 2 scrolls of teleportation {unknown}
 e - 3 scrolls of poison {unknown}
 g - a scroll of identify {unknown}
 m - a scroll of fog {unknown}
 n - 2 scrolls of enchant armour {unknown}
 o - a scroll of immolation {unknown}
Potions
 a - a potion of curing {unknown}
 b - a potion of magic
 d - a potion of heal wounds {unknown}
 i - a potion of resistance {unknown}
 j - a potion of ambrosia {unknown}
 k - a potion of mutation {unknown}
 l - 2 potions of degeneration {unknown}


   Skills:
 - Level 1.5 Dodging
 - Level 2.1 Stealth
 + Level 2.8 Spellcasting
 + Level 2.5 Conjurations
 + Level 4.5 Earth Magic


You had 7 spell levels left.
You knew the following spells:

 Your Spells              Type           Power      Damage    Failure   Level
a - Sandblast             Erth           36%        2d10      3%          1

Your spell library contained the following spells:

 Spells                   Type           Power      Damage    Failure   Level
 Passwall                 Erth           18%        N/A       11%         3
 Stone Arrow              Conj/Erth      28%        3d8       16%         3
 Brom's Barrelling Bould  Conj/Erth      14%        2d4       45%         4
 Petrify                  Alch/Erth      10%        N/A       65%         4


Dungeon Overview and Level Annotations

Branches:
Dungeon (2/15)

Altars:

Annotations:
D:2 Robin


Innate Abilities, Weirdness & Mutations

You are immune to sickness and miasma.
Your stone body is resilient. (AC +3)
You are immune to poison.
You resist negative energy. (rN+)
You are resistant to electric shocks. (rElec)
You are resistant to unholy torment.
You are immune to petrification.


Message History

The goblin is moderately wounded.
The goblin hits you but does no damage.
Robin says, "Bow before me, strongest of all the hobgoblins!"
There are monsters nearby!
The blast of sand hits the goblin!
You kill the goblin!
The goblin unwields a +0 sling.
The goblin wields a +0 dagger.
The goblin hits you with a +0 dagger. The goblin barely misses you.
The blast of sand misses the goblin.
The blast of sand hits the goblin!
You kill the goblin!
The goblin barely misses you.
The blast of sand misses the goblin.
The blast of sand hits the goblin!
You kill the goblin!
The goblin hits you with a +0 dagger. Robin throws the goblin at you!
The goblin barely misses you. x2
The blast of sand misses the goblin. x2; The blast of sand hits Robin.
Robin is heavily wounded.
The goblin hits you but does no damage. The goblin hits you with a +0 dagger.
The goblin hits you but does no damage.
The blast of sand hits the goblin!
You kill the goblin!
The goblin no longer looks unusually strong.
Robin throws the goblin at you! The goblin hits you with a +0 club.
The goblin hits you but does no damage.
You are too injured to fight recklessly!
You are too injured to fight recklessly!
You closely miss the goblin.
The goblin no longer looks unusually strong. x2
The goblin hits you with a +0 club. x2
You closely miss the goblin.
The goblin hits you but does no damage. x2
You miss the goblin.
The goblin no longer looks unusually strong.
Robin roars a battlecry!
The goblins go into a battle-frenzy!
The goblin hits you with a +0 club.
* * * LOW HITPOINT WARNING * * *
The goblin hits you with a +0 club.
* * * LOW HITPOINT WARNING * * *
You closely miss the goblin. The goblin hits you with a +0 club.
You die... #)# ##.## ..... ... ggg

#g# #g# #.# #@# #.#
##g## ####.# .#####...##
# #....# ....#.....## #.
#.##.#
#........###.##.##.#
###.........##.......###
............+.....†.....
............####...#####
####.......## ##.##


You could see Robin and 5 goblins.

Vanquished Creatures
  An adder (D:2)
  7 endoplasms
  6 goblins
  4 hobgoblins
  2 kobolds
  2 quokkas (D:1)
  2 ball pythons (D:1)
  3 bats (D:1)
  4 frilled lizards
  5 rats
36 creatures vanquished.

Notes
Turn   | Place    | Note
-------+----------+-------------------------------------------
     0 | D:1      | CougarLife the Gargoyle Earth Elementalist began the quest
                  | for the Orb.
     0 | D:1      | Reached XP level 1. HP: 10/10 MP: 3/3
   197 | D:1      | Reached XP level 2. HP: 10/15 MP: 0/5
   272 | D:1      | Reached skill level 4 in Earth Magic
   434 | D:1      | Reached XP level 3. HP: 19/19 MP: 3/6
  1172 | D:2      | Reached XP level 4. HP: 24/24 MP: 6/8
  1312 | D:2      | Noticed Robin
  1326 | D:2      | Slain by a goblin

Illustrated notes

Levels and vault maps discovered:
D:1:      lightli_arrival_boilingwater, layout_loops_ring
D:2:      layout_loops_corners, amcnicky_mini_corridor_feature, uniq_robin

Skill      XL: |  1  2 |
---------------+-------+-----
Earth Magic    | 4 |  4.5
Conjurations   | 2 |  2.5
Dodging        | |  1.5
Stealth        | |  2.1
Spellcasting   | |  2.8

Action                     |  1- 3 |  4- 6 || total
---------------------------+-------+-------++-------
  Melee: Unarmed           |    12 |       ||    12
         Punch             |     1 |       ||     1
         Dagger            |     4 |     5 ||     9
   Cast: Sandblast         |    31 |    10 ||    41
 Armour: Leather armour    |    14 |    22 ||    36
  Dodge: Dodged            |    15 |     5 ||    20

Table legend: (Time is in decaauts)
 A = Elapsed time spent in this place.
 B = Non-inter-level travel time spent in this place.
 C = Inter-level travel time spent in this place.
 D = Time resting spent in this place.
 E = Time spent auto-exploring this place.
 F = Levels seen in this place.
 G = Mean time per level.
                   A        B        C        D        E       F      G
               +--------+--------+--------+--------+--------+-----+--------+
         Total |   1349 |   1318 |     31 |     46 |   1073 |   2 |  674.5 |
       Dungeon |   1349 |   1318 |     31 |     46 |   1073 |   2 |  674.5 |
               +--------+--------+--------+--------+--------+-----+--------+

Top non-repeatable levels by time:
     D:1: 743 daAuts
     D:2: 606 daAuts
